Map: Lock & Load

Players

monk

  • Race: Protoss Protoss
  • Spawn Location: 7:00

DrSeRRoD

  • Race: Terran Terran
  • Spawn Location: 6:00

VOD

Have the link to the VOD?

Description

Time

  • Played on: Sept. 27, 2017, 1:56 p.m.
  • Length: 20:34
Show
View Real Time Build Order
Export as new Build Order

monk Protoss 

Build Orders:  

Get SALT Encoding   

  12  0:03  Probe (Chrono Boost)  
  13  0:15  Probe (Chrono Boost)  
  14  0:27  Probe (Chrono Boost)  
  15  0:39  Probe (Chrono Boost)  
  16  0:43  Gateway  
  16  0:51  Probe (Chrono Boost)  
  16  0:56  Assimilator  
  17  1:03  Probe (Chrono Boost)  
  17  1:09  Assimilator  
  18  1:15  Probe (Chrono Boost)  
  19  1:27  Probe (Chrono Boost)  
  20  1:38  Probe (Chrono Boost)  
  21  1:49  Zealot  
  23  1:50  Probe  
  24  2:07  Probe (Chrono Boost), Cybernetics Core  
  25  2:10  Zealot  
  27  2:23  Probe (Chrono Boost)  
  28  2:36  Probe (Chrono Boost)  
  29  2:48  Probe (Chrono Boost)  
  30  3:02  Nexus  
  30  3:06  Probe (Chrono Boost)  
  31  3:17  Probe (Chrono Boost)  
  32  3:24  Twilight Council  
  33  3:30  Probe (Chrono Boost)  
  33  3:42  Assimilator, Probe (Chrono Boost)  
  34  3:53  Probe (Chrono Boost)  
  35  4:05  Probe (Chrono Boost)  
  36  4:17  Probe (Chrono Boost)  
  37  4:22  Assimilator, Whirlwind (Chrono Boost)  
  37  4:29  Probe  
  38  4:31  Templar Archives  
  38  4:40  Pylon  
  38  4:41  Probe  
  38  4:46  Probe  
  38  4:49  Khaydarin Amulet  
  40  4:53  Probe  
  41  5:03  Probe  
  41  5:06  Probe (Chrono Boost)  
  42  5:19  Probe (Chrono Boost)  
  41  5:22  Probe (Chrono Boost)  
  43  5:33  Charge (Chrono Boost), Probe (Chrono Boost)  
  43  5:35  Probe (Chrono Boost)  
  45  5:45  Probe (Chrono Boost)  
  45  5:47  Probe (Chrono Boost)  
  45  5:48  Zealot x2  
  51  5:54  Zealot  
  51  5:57  Probe (Chrono Boost)  
  51  5:59  Probe (Chrono Boost)  
  55  6:09  Probe (Chrono Boost)  
  56  6:12  Probe (Chrono Boost)  
  56  6:14  Gateway  
  57  6:21  Probe (Chrono Boost)  
  57  6:23  Probe (Chrono Boost)  
  57  6:27  Forge  
  59  6:31  Psionic Storm  
  59  6:35  Gateway  
  59  6:38  Gateway  
  59  6:55  Robotics Facility  
  59  6:56  Protoss Ground Weapons Level 1 (Chrono Boost)  
  59  7:01  Gateway  
  59  7:10  Gateway  
  59  7:21  High Templar  
  59  7:22  High Templar  
  59  7:23  Archon  
  59  7:29  Gateway  
  63  7:31  Gateway  
  63  7:35  High Templar  
  63  7:38  High Templar  
  63  7:39  Archon  
  67  7:45  High Templar x2  
  67  7:46  Archon  
  71  7:50  Zealot  
  71  8:11  High Templar  
  71  8:12  High Templar  
  71  8:13  Archon  
  71  8:15  Zealot x2  
  79  8:22  Zealot  
  79  8:24  Zealot  
  83  8:36  Protoss Ground Weapons Level 2 (Chrono Boost)  
  83  8:45  Zealot x3  
  83  8:46  Zealot x3  
  83  8:48  Observer  
  96  9:10  Plasma Surge  
  92  9:52  Pylon  
  92  9:58  Immortal  
  92  9:59  Immortal  
  100  10:00  Zealot x5  
  100  10:01  Zealot x3  
  116  10:11  Zealot  
  116  10:21  Zealot  
  116  10:24  Observer  
  115  10:39  Immortal  
  109  10:43  Zealot x2  
  109  10:44  Zealot x3  
  109  10:49  High Templar x2  
  105  10:51  Archon  
  105  10:59  Zealot  
  99  11:00  Zealot  
  99  11:09  Observer  
  99  11:12  Zealot  
  99  11:13  Zealot x2  
  103  11:31  High Templar  
  103  11:32  High Templar  
  103  11:33  Zealot x3  
  103  11:34  Zealot  
  109  11:51  Archon  
  109  11:52  Zealot x3  
  109  11:53  Zealot  
  117  12:04  Immortal  
  121  12:19  High Templar x2  
  125  12:20  Archon  
  125  12:22  Zealot x2  
  125  12:23  Zealot  
  131  12:33  Protoss Ground Weapons Level 3  
  131  12:35  Immortal  
  109  13:03  Zealot x2  
  109  13:04  Zealot x5  
  115  13:18  High Templar x2  
  117  13:26  Archon  
  117  13:33  Zealot x5  
  125  13:51  Zealot x2  
  123  14:30  High Templar x2  
  123  14:35  Archon  
  127  14:51  Zealot x4  
  127  14:52  Zealot x7  
  139  15:00  Zealot x4  
  139  15:08  High Templar  
  139  15:09  High Templar  
  141  15:10  Archon  
  139  15:23  Zealot  
  133  15:45  Immortal x2  
  131  15:50  Immortal  
  129  16:02  Zealot x3  
  135  16:15  Zealot x4  
  143  16:48  Zealot x5  
  143  16:49  Zealot x2  
  153  16:50  High Templar x2  
  153  16:57  Archon  
  153  17:00  High Templar  
  153  17:01  Archon, High Templar  
  151  17:28  High Templar  
  151  17:29  High Templar  
  153  17:30  Archon  
  153  17:35  Zealot  
  155  17:40  Zealot x5  
  163  17:56  High Templar  
  155  18:02  High Templar  
  155  18:06  Archon  
  145  18:15  Zealot x3  
  145  18:16  Zealot x7  
  145  18:18  Observer  
  154  18:31  Zealot x3  
  158  18:55  High Templar x2  
  154  19:02  Archon  
  148  19:14  Zealot x7  
  158  19:30  High Templar  
  158  19:31  High Templar  
  158  19:36  Archon  
  160  19:52  Dragoon x2  
  160  19:55  Zealot x4  
  160  19:56  Zealot x3  
Show
View Real Time Build Order
Export as new Build Order

DrSeRRoD Terran 

Build Orders:  

Get SALT Encoding   

  12  0:04  SCV  
  13  0:21  SCV  
  14  0:38  SCV  
  15  18:02  SCV  
Tags
 
Commander
ArtanisRaynor
Matchup
Co-op
Replay Pack
Co-op Speedrun
Add a new tag
Caveats
  • Supply blocks, unpowered buildings, or Contaminate may cause inaccurate times.
  • Supply counts are checked every 10 seconds.